 Dungeon Crawl Stone Soup version 0.19-a0-526-gbe2e51c (webtiles) character file.

671 epen the Insei (level 7, 0/72 HPs)
             Began as an Octopode Monk on June 7, 2016.
             Slain by a slave (2 damage)
             ... led by Pikel
             ... on level 4 of the Dungeon.
             The game lasted 00:06:54 (4406 turns).

epen the Insei (Octopode Monk)                      Turns: 4406, Time: 00:06:55

Health: 0/72       AC: 23    Str: 10    XL:     7   Next: 58%
Magic:  7/7        EV:  2    Int: 13    God:
Gold:   241        SH:  0    Dex: 16    Spells: 0 memorised, 6 levels left

rFire  . . .     SeeInvis .       - Unarmed
rCold  + . .     Gourm    .     (no shield)
rNeg   + + +     Faith    .     (helmet currently unavailable)
rPois  +         Spirit   .     (no amulet)
rElec  .         Dismiss  .     j - ring of protection from cold
rCorr  .         Reflect  .     v - ring of poison resistance
SustAt .         Harm     .     (no ring)
MR     .....     NoTele   +     (no ring)
Stlth  +++++.....               (no ring)
                                (no ring)
                                (no ring)
                                (no ring)

@: tree-form, not resistant to hostile enchantments, quite stealthy
A: almost no armour, (amphibious), 8 rings, (constrict 8), (camouflage 0),
(gelatinous body 0)
a: no special abilities


You were on level 4 of the Dungeon.
You were not hungry.
You were a tree.
You visited 1 branch of the dungeon, and saw 4 of its levels.

You collected 241 gold pieces.

Inventory:

Jewellery
 j - a ring of protection from cold (left branch)
 v - a ring of poison resistance (right branch)
Scrolls
 b - a scroll of magic mapping {unknown}
 c - a scroll of random uselessness {unknown}
 e - 4 scrolls of identify {unknown}
 i - 3 scrolls of fear {unknown}
 l - 5 scrolls of teleportation {unknown}
 m - a scroll of blinking {unknown}
 q - a scroll of enchant weapon {unknown}
 r - a scroll of noise {unknown}
 u - 3 scrolls of recharging {unknown}
Potions
 g - a potion of haste {unknown}
 h - a potion of magic {unknown}
 n - 2 potions of ambrosia {unknown}
 o - a potion of invisibility {unknown}
 p - a potion of cure mutation {unknown}
 s - 3 potions of degeneration {unknown}
 t - 2 potions of agility {unknown}
 w - a potion of brilliance {unknown}
 x - 3 potions of heal wounds {unknown}
Books
 A - a book of the Tempests

   Spells                             Type                      Level
   a - Static Discharge               Conjuration/Air              3
   b - Lightning Bolt                 Conjuration/Air              5
   c - Fireball                       Conjuration/Fire             5
   d - Tornado                        Air                          9
   e - Shatter                        Earth                        9
Comestibles
 a - 4 bread rations
 f - a meat ration


   Skills:
 + Level 4.3 Fighting
 * Level 5.5 Dodging
 + Level 5.8 Stealth
 * Level 5.9 Unarmed Combat


You had 6 spell levels left.
You didn't know any spells.

Dungeon Overview and Level Annotations

Branches:
Dungeon (4/15)
 Temple: D:4-7

Altars:
Dithmenos
Nemelex Xobeh
Okawaru
Ru

Annotations:
D:4 Pikel


Innate Abilities, Weirdness & Mutations

You cannot wear most types of armour.
((You are amphibious.))
You can wear up to eight rings at the same time.
((You can use your tentacles to constrict eight enemies at once.))
((Your skin changes colour to match your surroundings (Stealth+).))
((Your rubbery body absorbs attacks. (AC +1)))


Message History

Pikel burns you.
* * * LOW HITPOINT WARNING * * *
You turn into a tree.
Your roots penetrate the ground.
You lose your grip on Pikel.
The slave hits you but does no damage. x2
Pikel hits you but does no damage.
Unknown command.
Unknown command.
You smack Pikel!
Pikel is severely wounded.
The slave hits you but does no damage.
You hit Pikel.
Pikel is severely wounded.
The slave hits you but does no damage. Pikel hits you but does no damage.
The slave hits you but does no damage.
You closely miss Pikel.
Pikel is severely wounded.
The slave hits you.
* * * LOW HITPOINT WARNING * * *
Pikel hits you but does no damage. The slave hits you.
You die...

######.###.#.#
#.#.##.#
#......# #...#
#.#.##.#
#.####.###..##
.#.##.#
..............#
#.#
###.####...#.##
#.#
##pp.#.###.#
#......##.#
##...#pp)##
##[##♣##.#
#.##K###.#
#.#...###.# #
#..#.#.# #.# #
.......#...##
... ##
.)#.#####.##
##. #. # #.# .
#p #.# #.#


You could see Pikel and 2 slaves.

Vanquished Creatures
  2 ogres (D:4)
  A scorpion (D:4)
  2 orc priests
  Natasha (thrice) (D:2)
  6 orc wizards
  A worker ant (D:4)
  2 adders (D:3)
  A howler monkey skeleton (D:4)
  2 worms
  2 dart slugs (D:1)
  4 giant geckos
  12 orcs
  A giant cockroach (D:2)
  13 goblins
  10 hobgoblins
  2 jackals (D:2)
  2 quokkas
  2 ball pythons
  7 bats
  4 giant newts
  17 kobolds
  9 rats
105 creatures vanquished.

Notes
Turn   | Place    | Note
--------------------------------------------------------------
     0 | D:1      | epen the Octopode Monk began the quest for the Orb.
     0 | D:1      | Reached XP level 1. HP: 16/16 MP: 1/1
    80 | D:1      | Reached XP level 2. HP: 13/21 MP: 2/2
   603 | D:1      | Reached XP level 3. HP: 21/26 MP: 3/3
   902 | D:2      | Noticed Natasha
   908 | D:2      | Killed Natasha
   908 | D:2      | Reached XP level 4. HP: 15/31 MP: 4/4
  1281 | D:2      | Found a sacrificial altar of Ru.
  1407 | D:2      | Noticed Natasha
  1414 | D:2      | Killed Natasha
  1671 | D:2      | Noticed Natasha
  1677 | D:2      | Found an iron altar of Okawaru.
  1681 | D:2      | Killed Natasha
  1681 | D:2      | Reached XP level 5. HP: 31/36 MP: 5/5
  2092 | D:3      | Found a shadowy altar of Dithmenos.
  2142 | D:3      | Reached skill level 5 in Unarmed Combat
  2446 | D:3      | Reached XP level 6. HP: 24/42 MP: 6/6
  2579 | D:3      | Reached skill level 5 in Stealth
  3018 | D:3      | Found a sparkling altar of Nemelex Xobeh.
  3748 | D:4      | Noticed a slave
  3748 | D:4      | Noticed a slave
  3977 | D:4      | Noticed Pikel
  3978 | D:4      | Noticed a slave
  4116 | D:4      | Reached skill level 5 in Dodging
  4135 | D:4      | Reached XP level 7. HP: 38/48 MP: 7/7
  4406 | D:4      | HP: 2/72 [slave[Pikel] (5)]
  4406 | D:4      | Slain by a slave

Vault maps used:
D:1:      roderic_dead_forest, minmay_misc_feat_room, minmay_ruptured
D:2:      okawaru_gym_becter, old_standard_altar, kennysheep_another_room,
          uniq_natasha
D:3:      kennysheep_the_goblin_king, lemuel_round_altar, first_bread,
          nemelex_spade_bored_becter
D:4:      nicolae_overflow_hidden_temple, uniq_pikel, uniq_sigmund, uniq_edmund

Skill      XL: |  1  2  3  4  5  6 |
---------------+-------------------+-----
Stealth        | 3 4 5 |  5.8
Dodging        | 4 5 |  5.5
Unarmed Combat | 5 |  5.9
Fighting       | 4 |  4.3

Action                   |  1- 3 |  4- 6 |  7- 9 || total
-------------------------+-------+-------+-------++-------
Melee: Unarmed           |    67 |   160 |    32 ||   259
       Constrict         |    18 |    41 |     7 ||    66
       Tentacles         |    11 |    35 |     6 ||    52
       Punch             |     3 |     9 |       ||    12
  Use: Potion            |       |     1 |     2 ||     3
       Scroll            |       |       |     1 ||     1
 Stab: Sleeping          |     2 |    10 |       ||    12
       Distracted        |       |     3 |       ||     3
  Eat: Chunk             |       |     8 |       ||     8
       Meat ration       |       |     1 |       ||     1
Armor: Skin              |     6 |    11 |     9 ||    26
Dodge: Dodged            |    39 |    88 |    12 ||   139
